 Dungeon Crawl Stone Soup version 0.28-a0-529-g3bad584f25 (webtiles) character file.

Game seed: 10594339372450558134

382 sanka the Changer (level 6, 0/47 HPs)
             Began as a Demigod Transmuter on Sept 24, 2021.
             Constricted to death by a ball python (1 damage)
             ... in a sewer.
             The game lasted 00:10:28 (5889 turns).

sanka the Changer (Demigod Transmuter)              Turns: 5889, Time: 00:10:28

Health: 0/47       AC:  2    Str: 11    XL:     6   Next: 22%
Magic:  7/11       EV: 16    Int: 23    God:
Gold:   183        SH:  0    Dex: 19    Spells: 3/9 levels left

rFire   . . .      SeeInvis .     - Unarmed
rCold   . . .      Faith    .   (shield currently unavailable)
rNeg    . . .      Spirit   .   (armour currently unavailable)
rPois   .          Reflect  .   (helmet currently unavailable)
rElec   .          Harm     .   (cloak currently unavailable)
rCorr   .          Rampage  .   (gloves currently unavailable)
Will    .....                   (boots currently unavailable)
Stlth   ++........              (no amulet)
HPRegen 0.15/turn               (no ring)
MPRegen 0.12/turn               l - ring of poison resistance

@: spider-form, flying, mesmerised, constricted
A: venomous fangs, tiny, high mp 1, forlorn
a: End Transformation


You were in a sewer.
You were a venomous arachnid creature.
You visited 1 branch of the dungeon, and saw 4 of its levels.
You also visited: Sewer.

You collected 183 gold pieces.


Innate Abilities, Weirdness & Mutations

You are a venomous arachnid creature.
You have poisonous fangs.
You are tiny and dextrous.
Your spellcasting is less reliable in this form.
Your armour is entirely melded.
You are incapable of wielding weapons or throwing items.
Your attributes grow dramatically as you level up.
You have an increased reservoir of magic. (+10% MP)
You shall have no god before yourself.


   Skills:
 + Level 1.2 Fighting
 + Level 2.0 Dodging
 + Level 2.9 Unarmed Combat
 - Level 2.0 Spellcasting
 - Level 6.0 Transmutations


You had 3 spell levels left.
You knew the following spells:

 Your Spells              Type           Power      Damage    Failure   Level
x - Spider Form           Tmut/Pois      8%         N/A       26%         3
y - Wereblood             Tmut           29%        N/A       7%          2
z - Beastly Appendage     Tmut           58%        N/A       5%          1

Your spell library contained the following spells:

 Spells                   Type           Power      Damage    Failure   Level
 Static Discharge         Conj/Air       2%         N/A       38%         2
 Ice Form                 Ice/Tmut       16%        N/A       58%         4
 Lightning Bolt           Conj/Air       1%         1d12      99%         5
 Maxwell's Capacitive Co  Air            1%         ∞         100%        8

Inventory:

Hand Weapons
 p - a +2 quarterstaff of chaos
Armour
 a - a +0 robe (melded)
 j - a +0 pair of gloves (melded)
 o - a +2 cloak of stealth (melded)
Magical Staves
 d - a staff of fire
Jewellery
 l - a ring of poison resistance (right front leg)
Scrolls
 b - a scroll of summoning {unknown}
 c - a scroll of enchant weapon {unknown}
 f - 3 scrolls of fear {unknown}
 h - 3 scrolls of teleportation {@r4}
 i - 2 scrolls of magic mapping {unknown}
 k - a scroll of blinking {unknown}
 m - a scroll of acquirement {unknown}
 q - a scroll of identify {unknown}
Potions
 e - a potion of curing {unknown}
 g - 2 potions of might
 n - a potion of heal wounds {unknown}
 r - 3 potions of flight

Dungeon Overview and Level Annotations

Branches:
Dungeon (4/15)              Sewer (1/1)
 Temple: D:4-7

≈≈≈≈≈≈≈≈▒▒ ▒..▒▒▒..▒
≈≈≈≈≈≈≈≈≈≈▒ ▒▒†▒▒ ▒†≈▒▒▒
≈≈≈≈≈≈≈≈≈≈▒▒▒..▒ ▒≈≈...
≈≈≈≈≈≈≈≈≈≈≈≈▒..▒▒▒▒▒▒▒▒▒
≈≈≈≈≈≈≈≈≈≈≈≈≈≈†≈≈≈≈≈≈≈≈▒
≈≈≈≈≈≈≈≈≈≈≈≈▒..▒▒▒▒▒▒▒▒≈
≈≈≈≈≈≈≈≈≈≈▒▒▒..▒ ▒▒
≈≈≈≈≈≈≈S†.▒ ▒..▒
≈≈≈≈≈≈msS.▒ ▒..▒
≈≈≈≈≈≈≈≈≈.▒ ▒▒▒▒
≈≈≈≈≈≈≈≈≈.+ ≈≈W≈≈≈≈≈≈W▒
≈≈≈≈≈W≈≈≈≈≈ ≈≈≈≈≈≈≈≈≈≈≈≈
≈≈≈≈≈≈≈≈≈≈≈≈≈
▒▒▒▒▒▒▒▒▒▒▒▒▒▒


You could see a malarious merfolk avatar (mesmerising, extremely poisoned), 3
drowned souls and 2 ball pythons.


Message History

The drowned soul drowns you.
* * * LOW HITPOINT WARNING * * *
Unknown command.
Unknown command.
You hit the malarious merfolk avatar but do no damage.
The malarious merfolk avatar looks as sick as possible!
The malarious merfolk avatar is almost dead.
The ball python barely misses you. The ball python constricts you.
The drowned soul touches you. The drowned soul drowns you.
* * * LOW HITPOINT WARNING * * *
The ball python closely misses you.
The malarious merfolk avatar chants its luring song.
Unknown command.
You closely miss the malarious merfolk avatar.
The malarious merfolk avatar is almost dead.
The ball python barely misses you. The ball python constricts you.
* * * LOW HITPOINT WARNING * * *
The ball python misses you. The drowned soul touches you.
* * * LOW HITPOINT WARNING * * *
The drowned soul drowns you.
* * * LOW HITPOINT WARNING * * *
The malarious merfolk avatar chants its luring song.
The ball python bites you.
* * * LOW HITPOINT WARNING * * *
The ball python constricts you.
You die...

Action                   |  1- 3 |  4- 6 || total
-------------------------+-------+-------++-------
Melee: Unarmed           |   106 |   288 ||   394
       Kick              |    16 |    24 ||    40
       Headbutt          |    13 |    21 ||    34
       Punch             |     1 |       ||     1
 Cast: Beastly Appendage |    21 |    22 ||    43
       Spider Form       |       |    14 ||    14
  Use: Potion            |       |     1 ||     1
 Stab: Sleeping          |     1 |     3 ||     4
Armor: Robe              |    12 |    39 ||    51
       Skin              |       |    13 ||    13
Dodge: Dodged            |    82 |   202 ||   284

Levels and vault maps discovered:
D:1:      lemuel_arrival_room, layout_basic, serial_glass, glass_columns_a,
          glass_columns_a, basic_ecumenical_altar, minmay_pentomino_w2
D:2:      layout_loops_ring, minmay_stone_trees_small, minmay_close_crescents
D:3:      layout_rooms, trog_antimagical, doesnt_xom_only_xom,
          hangedman_decor_opposing, uniq_crazy_yiuf_cottage
D:4:      layout_cave_pools, portal_sewer_entry_a
Sewer:    sewer_sea

Notes
Turn   | Place    | Note
-------+----------+-------------------------------------------
     0 | D:1      | sanka the Demigod Transmuter began the quest for the Orb.
     0 | D:1      | Reached XP level 1. HP: 15/15 MP: 5/5
   208 | D:1      | Reached skill level 2 in Spellcasting
   208 | D:1      | Reached skill level 2 in Transmutations
   474 | D:1      | Reached XP level 2. HP: 9/22 MP: 5/7
  1539 | D:2      | Reached skill level 3 in Transmutations
  1564 | D:2      | Reached XP level 3. HP: 27/27 MP: 6/8
  1573 | D:2      | Learned a level 2 spell: Wereblood
  1577 | D:2      | Learned a level 3 spell: Spider Form
  1953 | D:1      | HP: 2/27 [gnoll (8)]
  2403 | D:1      | Reached skill level 4 in Transmutations
  2463 | D:2      | Reached XP level 4. HP: 34/34 MP: 7/9
  4021 | D:3      | Reached XP level 5. HP: 32/39 MP: 3/10
  4102 | D:3      | Reached skill level 5 in Transmutations
  4742 | D:3      | Found a runed translucent door.
  4743 | D:3      | Noticed Crazy Yiuf
  4753 | D:3      | Killed Crazy Yiuf
  5094 | D:4      | Found a glowing drain.
  5180 | Sewer    | Entered a sewer
  5480 | Sewer    | Reached skill level 6 in Transmutations
  5480 | Sewer    | Reached XP level 6. HP: 42/46 MP: 7/11
  5529 | Sewer    | Reached skill level 1 in Fighting
  5689 | Sewer    | Reached skill level 2 in Dodging
  5889 | Sewer    | HP: 3/47 [drowned by a drowned soul[a malarious merfolk
                  | avatar] (2)]
  5889 | Sewer    | HP: 1/47 [ball python (2)]
  5889 | Sewer    | Constricted to death by a ball python

Vanquished Creatures
  Crazy Yiuf (D:3)
  An orc wizard (D:3)
  An iguana (D:3)
  A merfolk siren (Sewer)
  6 gnolls
  5 adders
  3 river rats
  5 worms
  An adder skeleton (D:4)
  3 dart slugs
  12 orcs
  11 ball pythons
  7 endoplasms
  5 giant cockroaches
  9 goblins
  3 hobgoblins
  6 jackals
  6 quokkas
  5 bats
  5 frilled lizards (Sewer)
  2 kobolds
  31 rats
129 creatures vanquished.

Vanquished Creatures (others)
  A fungus (D:3)
1 creature vanquished.

Grand Total: 130 creatures vanquished
